[Event "2026 European Womens Championship"]
[Site "Batumi, GE"]
[Date "2026.05.27"]
[Round "3"]
[White "Piddubna, Bozhena"]
[Black "Roebers, Eline"]
[Result "0-1"]
[Board "20"]
[TimeControl "5400+30"]
[WhiteFideId "34109293"]
[BlackFideId "1058401"]
[WhiteElo "2235"]
[BlackElo "2389"]
[WhiteTitle "WIM"]
[BlackTitle "IM"]
[WhiteClock "0:13:25"]
[BlackClock "0:24:48"]
[Variant "Standard"]

1. e4 e6 2. d4 d5 3. e5 c5 4. c3 Qa5 5. a3 Bd7 6. Nf3 cxd4 7. b4 Qa4 8. Qxa4 Bxa4 9. cxd4 Nd7 10. Nc3 Bb3 11. Nb5 Kd8 12. Bg5+ f6 13. exf6 gxf6 14. Bf4 Rc8 15. Nd2 Bc2 16. Nxa7 Ra8 17. Nb5 e5 18. dxe5 fxe5 19. Bg5+ Ngf6 20. Rc1 Bf5 21. Nf3 Ra6 22. Nc3 Rd6 23. Bb5 Be7 24. Na4 Rg8 25. h4 Rg6 26. Nc5 Nxc5 27. bxc5 Re6 28. h5 Rg8 29. Bd2 Ne4 30. Ba5+ Kc8 31. g3 Rf8 32. c6 Bc5 33. Rh2 bxc6 34. Ba6+ Kd7 35. Bb4 Bxb4+ 36. axb4 Bg4 37. Nd2 Nxd2 38. Kxd2 Ref6 39. b5 Rxf2+ 40. Rxf2 Rxf2+ 41. Ke1 Rf6 42. bxc6+ Kc7 43. Be2 Bxe2 44. Kxe2 Rxc6 45. Rf1 Rc2+ 46. Kf3 Kd6 47. Kg4 d4 48. Rf6+ Kd5 49. Rf7 h6 50. Rd7+ Ke4 51. Rd6 d3 52. Rxh6 Rc4 53. Ra6 d2 0-1

[Event "2026 European Womens Championship"]
[Site "Batumi, GE"]
[Date "2026.05.27"]
[Round "3"]
[White "Orian, Noga"]
[Black "Mammadzada, Gunay"]
[Result "0-1"]
[Board "21"]
[TimeControl "5400+30"]
[WhiteFideId "2836475"]
[BlackFideId "13403729"]
[WhiteElo "2231"]
[BlackElo "2374"]
[WhiteTitle "WIM"]
[BlackTitle "IM"]
[WhiteClock "0:18:54"]
[BlackClock "0:26:25"]
[Variant "Standard"]

1. d4 Nf6 2. c4 e6 3. g3 d5 4. Bg2 Bb4+ 5. Nd2 a5 6. Qc2 dxc4 7. Ngf3 b5 8. a3 Bxd2+ 9. Bxd2 Bb7 10. a4 Be4 11. Qc1 c6 12. h4 Nbd7 13. h5 h6 14. Rh4 Qb6 15. Kf1 c5 16. axb5 cxd4 17. Qxc4 e5 18. Rxa5 O-O 19. Rxa8 Rxa8 20. Ne1 Qb7 21. Bxe4 Nxe4 22. Bb4 Rc8 23. Qd3 Nef6 24. Bd2 Qd5 25. Qf5 Qxb5 26. Rxd4 Qb7 27. Rh4 Qxb2 28. Be3 e4 29. Qa5 Ne5 30. Qd2 Qb5 31. Kg2 Nc4 32. Qd4 Nxe3+ 33. Qxe3 Qb1 34. Rh1 Rc1 35. Qd2 Kh7 36. f3 Rd1 37. Qc3 exf3+ 38. exf3 Qa2+ 39. Kh3 Qe2 40. Rg1 Nxh5 41. Qc5 g6 42. g4 Nf4+ 43. Kg3 Rxe1 44. Kxf4 Qh2+ 45. Rg3 g5+ 0-1

[Event "2026 European Womens Championship"]
[Site "Batumi, GE"]
[Date "2026.05.27"]
[Round "3"]
[White "Klek, Hanna Marie"]
[Black "Rodshtein, Tereza"]
[Result "0-1"]
[Board "22"]
[TimeControl "5400+30"]
[WhiteFideId "24670057"]
[BlackFideId "325449"]
[WhiteElo "2369"]
[BlackElo "2218"]
[WhiteTitle "WGM"]
[BlackTitle "WGM"]
[WhiteClock "0:32:37"]
[BlackClock "0:29:31"]
[Variant "Standard"]

1. e4 e5 2. Nf3 Nc6 3. Bb5 Bc5 4. O-O Nd4 5. Nxd4 Bxd4 6. c3 Bb6 7. Qh5 Qe7 8. d3 c6 9. Ba4 Nf6 10. Qh4 O-O 11. Kh1 d5 12. Bc2 dxe4 13. dxe4 Rd8 14. a4 a5 15. Na3 h6 16. Nc4 Bc5 17. Qg3 Bg4 18. Ne3 Bxe3 19. Bxe3 Be2 20. Rfe1 Bd3 21. Bxd3 Rxd3 22. f3 Qd6 23. h3 Re8 24. Qf2 Nh5 25. Qc2 Rd8 26. Qb3 Rd7 27. Qb6 Qg6 28. b4 Rxc3 29. Ra2 axb4 30. Qxb4 Rcd3 31. Qc5 Rd1 32. Ra1 R1d2 33. Bxd2 Rxd2 34. Rg1 Qg3 35. Rad1 Re2 36. Qe7 Qf4 37. Rd8+ Kh7 38. Rgd1 Qg3 39. Rg1 Qf4 40. Rgd1 Ng3+ 41. Kg1 Qe3+ 42. Kh2 Qf2 43. Rg1 Nf1+ 44. Kh1 Qg3 0-1

[Event "2026 European Womens Championship"]
[Site "Batumi, GE"]
[Date "2026.05.27"]
[Round "3"]
[White "Kubicka, Anna"]
[Black "Beydullayeva, Govhar"]
[Result "1/2-1/2"]
[Board "23"]
[TimeControl "5400+30"]
[WhiteFideId "1152254"]
[BlackFideId "13413015"]
[WhiteElo "2226"]
[BlackElo "2368"]
[WhiteTitle "WIM"]
[BlackTitle "WGM"]
[WhiteClock "0:01:47"]
[BlackClock "0:03:59"]
[Variant "Standard"]

1. e4 c5 2. Nf3 d6 3. d4 cxd4 4. Nxd4 Nf6 5. Nc3 a6 6. h3 e5 7. Nde2 h5 8. g3 Be7 9. Bg2 b5 10. Nd5 Nxd5 11. Qxd5 Ra7 12. Be3 Be6 13. Qd2 Rb7 14. Nc3 Qc8 15. Nd5 Bxd5 16. exd5 Nd7 17. O-O f5 18. c3 O-O 19. f4 e4 20. g4 g6 21. gxh5 gxh5 22. Kh2 Kh7 23. Rg1 Nf6 24. Bd4 Bd8 25. Bh1 Bb6 26. Bxb6 Rxb6 27. Rg5 Rb7 28. Rag1 Rg8 29. Qd4 Rxg5 30. fxg5 Nd7 31. g6+ Kg8 32. Qd1 Qc5 33. Qxh5 Qf2+ 34. Rg2 Qf4+ 35. Rg3 Qf2+ 36. Rg2 Qf4+ 37. Rg3 Qf2+ 38. Rg2 Qf4+ 1/2-1/2

[Event "2026 European Womens Championship"]
[Site "Batumi, GE"]
[Date "2026.05.27"]
[Round "3"]
[White "Mkrtchian, Lilit"]
[Black "Sieber, Fiona"]
[Result "1/2-1/2"]
[Board "24"]
[TimeControl "5400+30"]
[WhiteFideId "13300601"]
[BlackFideId "12902373"]
[WhiteElo "2366"]
[BlackElo "2224"]
[WhiteTitle "IM"]
[BlackTitle "WGM"]
[WhiteClock "0:21:33"]
[BlackClock "0:06:27"]
[Variant "Standard"]

1. Nf3 Nf6 2. b3 d5 3. Bb2 c5 4. e3 e6 5. c4 Nc6 6. cxd5 exd5 7. Bb5 Bd6 8. Nc3 O-O 9. O-O Bg4 10. Ne2 Bxf3 11. gxf3 Be5 12. d4 cxd4 13. Nxd4 Nxd4 14. Bxd4 Qd6 15. f4 Bxd4 16. Qxd4 Ng4 17. h3 Nh6 18. Bd3 Qe6 19. Kh2 Nf5 20. Bxf5 Qxf5 21. Rac1 b6 22. Rc7 f6 23. Rd1 Rf7 24. Rxf7 Kxf7 25. Qxd5+ Qxd5 26. Rxd5 Ke6 27. e4 g6 28. f5+ Ke7 29. a4 Rc8 30. a5 Rc3 31. axb6 Rxb3 32. bxa7 Ra3 33. h4 Rxa7 34. Kg3 Kf7 35. f3 Rb7 36. Kf4 Ra7 37. Rb5 Rc7 38. Kg4 Ra7 39. Rc5 Rb7 40. Ra5 Rc7 41. fxg6+ hxg6 42. h5 gxh5+ 43. Kxh5 Kg7 44. Ra6 Rc5+ 45. Kg4 Rg5+ 46. Kf4 Rb5 47. Rd6 Kg6 48. Rd5 Rb3 49. Kg4 Rb4 50. Rd6 Ra4 51. Re6 Kf7 52. Rd6 Kg6 53. Kf4 Ra5 54. Ke3 Kf7 55. f4 Ke7 56. Rd3 Ra1 57. Rb3 Ra7 58. Kf3 Ra4 59. Rb7+ Kf8 60. Rc7 Ke8 61. Ke3 Kf8 62. Kd3 Ke8 63. Rc4 Ra7 64. f5 Ke7 65. Kd4 Rd7+ 66. Kc5 Rd1 67. Ra4 Rc1+ 68. Kd5 Rd1+ 69. Rd4 Rc1 70. Rd2 Re1 71. Kd4 Ra1 72. Rh2 Ra4+ 73. Ke3 Rb4 74. Rh7+ Kf8 75. Kf4 Ra4 76. Rb7 Kg8 77. Kg4 Rxe4+ 78. Kh5 Re1 79. Kg6 Rg1+ 80. Kxf6 Rf1 81. Rb8+ Kh7 82. Re8 Rf2 83. Ke6 Kg7 84. Re7+ Kf8 85. Ra7 Rf1 86. Kf6 Kg8 87. Ra8+ Kh7 88. Rf8 Ra1 89. Re8 Rf1 90. Ke6 Kg7 91. Re7+ Kf8 92. Ra7 Kg8 93. Ra8+ Kg7 94. Ra7+ 1/2-1/2

[Event "2026 European Womens Championship"]
[Site "Batumi, GE"]
[Date "2026.05.27"]
[Round "3"]
[White "Mamedjarova, Turkan"]
[Black "Mkrtchyan, Mariam"]
[Result "1/2-1/2"]
[Board "25"]
[TimeControl "5400+30"]
[WhiteFideId "13402005"]
[BlackFideId "13310828"]
[WhiteElo "2222"]
[BlackElo "2365"]
[WhiteTitle "WGM"]
[BlackTitle "WGM"]
[WhiteClock "0:13:24"]
[BlackClock "0:04:44"]
[Variant "Standard"]

1. d4 d5 2. c4 e6 3. Nf3 Nf6 4. Nc3 c6 5. e3 Nbd7 6. Qc2 Bd6 7. Bd3 dxc4 8. Bxc4 b5 9. Be2 O-O 10. O-O a6 11. Rd1 Qc7 12. h3 Re8 13. a3 c5 14. dxc5 Bxc5 15. b4 Bf8 16. Bb2 Bb7 17. Rac1 Rac8 18. Qb1 Qb8 19. Ng5 h6 20. Nge4 Nxe4 21. Nxe4 Nb6 22. Ng3 Qa8 23. e4 Rxc1 24. Qxc1 Rd8 25. Rxd8 Qxd8 26. Qe3 Nc4 27. Bxc4 bxc4 28. Bd4 Bc6 29. Qc3 Bb5 30. a4 Bxa4 31. Qxc4 Bb5 32. Qc3 h5 33. e5 h4 34. Ne4 Qd5 35. f3 Bc6 36. Kh2 Be7 37. Nf2 Qb5 38. Nd3 Bg5 39. Bc5 Qa4 40. Qd4 Qc2 41. Qg4 Qd2 42. b5 axb5 43. Bb4 Qe3 44. Bc5 Qxd3 45. Qxg5 Bxf3 46. Bd6 Bd1 47. Qd8+ Kh7 48. Qxh4+ Kg6 49. Qf4 Qf5 50. Qg3+ Kh7 51. Qh4+ Qh5 52. Qe4+ Qg6 53. Qh4+ Qh5 54. Qe4+ Qg6 1/2-1/2

[Event "2026 European Womens Championship"]
[Site "Batumi, GE"]
[Date "2026.05.27"]
[Round "3"]
[White "Bivol, Alina"]
[Black "Bashylina, Luisa"]
[Result "1-0"]
[Board "26"]
[TimeControl "5400+30"]
[WhiteFideId "4100123"]
[BlackFideId "12983292"]
[WhiteElo "2361"]
[BlackElo "2208"]
[WhiteTitle "IM"]
[BlackTitle "WFM"]
[WhiteClock "0:41:14"]
[BlackClock "0:01:57"]
[Variant "Standard"]

1. e4 e5 2. Nf3 Nc6 3. Bb5 a6 4. Ba4 Nf6 5. Qe2 Be7 6. c3 b5 7. Bb3 d6 8. O-O O-O 9. Rd1 Bg4 10. h3 Bh5 11. d3 Na5 12. Bc2 Re8 13. Nbd2 c5 14. Nf1 Nc6 15. Ng3 Bg6 16. Nh4 d5 17. Nhf5 Bf8 18. Bg5 h6 19. Bh4 Bxf5 20. Nxf5 g6 21. exd5 Qxd5 22. Bb3 Qd7 23. Nxh6+ Bxh6 24. Bxf6 Qf5 25. Bh4 e4 26. g4 Qf4 27. Bg3 exd3 28. Qxd3 Qf6 29. Qd6 Qxd6 30. Rxd6 Ne7 31. Re1 c4 32. Bd1 a5 33. Bf3 Rac8 34. Rd7 Kf8 35. Rb7 b4 36. h4 Bd2 37. Rexe7 Rxe7 38. Bd6 Rce8 39. Bc6 bxc3 40. bxc3 1-0

[Event "2026 European Womens Championship"]
[Site "Batumi, GE"]
[Date "2026.05.27"]
[Round "3"]
[White "Milliet, Sophie"]
[Black "Tirpan, Ceren"]
[Result "1/2-1/2"]
[Board "27"]
[TimeControl "5400+30"]
[WhiteFideId "623725"]
[BlackFideId "26385309"]
[WhiteElo "2361"]
[BlackElo "2209"]
[WhiteTitle "IM"]
[BlackTitle "WFM"]
[WhiteClock "0:01:43"]
[BlackClock "0:05:22"]
[Variant "Standard"]

1. e4 c5 2. Nf3 Nc6 3. d4 cxd4 4. Nxd4 e6 5. Nc3 Qc7 6. g3 Nf6 7. Ndb5 Qb8 8. Bf4 e5 9. Bg5 a6 10. Bxf6 axb5 11. Bg5 Bb4 12. Bg2 Bxc3+ 13. bxc3 Ra3 14. Bd2 O-O 15. Rb1 Rxa2 16. Rxb5 Qa8 17. O-O Qa4 18. Rd5 d6 19. Rxd6 Qxc2 20. Qxc2 Rxc2 21. Rc1 Ra2 22. Be3 Na5 23. c4 Be6 24. c5 h6 25. Bf1 Ra4 26. Bd3 Rc8 27. Rb1 Bc4 28. Bc2 Ra2 29. Bd1 Be6 30. h4 Ra3 31. Be2 Nb3 32. Rbd1 Nd4 33. Bxd4 exd4 34. R6xd4 Rxc5 35. Rb4 Rb3 36. Rxb3 Bxb3 37. Rd8+ Kh7 38. Rb8 Rc7 39. f3 Ba4 40. Kf2 Bc6 41. Ke3 Re7 42. Rc8 g6 43. Bc4 Kg7 44. Kd4 g5 45. hxg5 hxg5 46. Bd5 Rd7 47. Kc5 Ba4 48. Rb8 Bd1 49. f4 gxf4 50. gxf4 Bf3 51. f5 Kf6 52. e5+ Kxe5 53. Bxf3 Kxf5 54. Bxb7 Rd2 55. Bd5 f6 56. Kd6 Rd1 57. Rb2 Rd4 58. Rg2 Rd1 59. Re2 Rd4 60. Kc5 Rd1 61. Bb3 Rf1 62. Kd4 Rf4+ 63. Kd5 Rf1 64. Bc2 Kf4 65. Ke6 Kf3 66. Rd2 Rf2 67. Rd3+ Kg4 68. Rd4+ Kg5 69. Rd5+ Kg4 70. Bf5+ Kg5 71. Bd3+ f5 72. Bxf5 Re2+ 73. Kd6 Kf4 74. Be6 Rh2 75. Rd4+ Ke3 76. Ra4 Rh5 77. Bd5 Rh8 78. Kc5 Rc8+ 79. Bc6 Rh8 80. Ra3+ Kf4 81. Kd4 Rc8 82. Bd5 Rc1 83. Rf3 Kg4 84. Rf8 Re1 85. Be4 Ra1 86. Ke5 Ra5+ 87. Bd5 Kg3 88. Rg8+ Kf2 89. Rg2+ Ke3 90. Rg3+ Kf2 91. Rf3+ Ke2 92. Rc3 Kd2 93. Rh3 Ke2 94. Kd4 Ra4+ 95. Bc4+ Kf2 96. Rc3 Ra8 97. Rc2+ Kg3 98. Bd5 Ra4+ 99. Ke5 Ra1 100. Rg2+ Kh3 101. Rg8 Kh4 102. Kf4 Ra4+ 103. Be4 Ra5 104. Rg1 Ra3 105. Rb1 Rg3 106. Rh1 Rh3 107. Rg1 Ra3 108. Rg4 Kh5 109. Rg5+ Kh4 110. Rg1 Rb3 111. Rg8 Rb5 112. Rg4 Kh5 113. Rg1 Kh6 114. Rg6+ Kh5 115. Rc6 Kh4 116. Rc1 Rb3 117. Rh1 Rh3 118. Rg1 Ra3 119. Rg7 Ra5 120. Rg4 Kh5 121. Rg2 Kh6 122. Rg6+ Kh5 123. Rc6 Kh4 124. Rb6 1/2-1/2

[Event "2026 European Womens Championship"]
[Site "Batumi, GE"]
[Date "2026.05.27"]
[Round "3"]
[White "Kochavi, Dana"]
[Black "Gaponenko, Inna"]
[Result "1/2-1/2"]
[Board "28"]
[TimeControl "5400+30"]
[WhiteFideId "2837137"]
[BlackFideId "14101181"]
[WhiteElo "2209"]
[BlackElo "2331"]
[WhiteTitle "FM"]
[BlackTitle "IM"]
[WhiteClock "0:23:03"]
[BlackClock "0:07:56"]
[Variant "Standard"]

1. e4 c5 2. Nf3 d6 3. d4 cxd4 4. Nxd4 Nf6 5. Nc3 Nc6 6. Bg5 Bd7 7. f4 Qb6 8. Nb3 Ng4 9. Qd2 Qe3+ 10. Qxe3 Nxe3 11. Kd2 Nxf1+ 12. Raxf1 h6 13. Bh4 g5 14. fxg5 hxg5 15. Bxg5 Rg8 16. h4 f6 17. Bf4 Rxg2+ 18. Kc1 Kf7 19. Nd5 e6 20. Ne3 Rg8 21. Nc4 e5 22. Bd2 Be6 23. Ne3 Bh6 24. Rf2 Bxe3 25. Bxe3 Bxb3 26. axb3 Ke7 27. Kd2 Nb8 28. h5 Nd7 29. b4 Rg4 30. Kd3 a6 31. c4 Ke6 32. h6 Rh8 33. Rhh2 Rh7 34. Rhg2 Rxg2 35. Rxg2 Kf7 36. c5 dxc5 37. bxc5 Nf8 38. Kc4 Ne6 39. b4 Nf4 40. Bxf4 exf4 41. Rf2 Ke6 42. Rxf4 Rxh6 43. Rf5 Rh4 44. Kd4 Rh1 45. Rd5 Rd1+ 46. Kc4 Rc1+ 47. Kb3 Rb1+ 48. Kc3 Rc1+ 49. Kb3 Rb1+ 50. Kc3 Rc1+ 51. Kb2 Rc4 52. Rd6+ Ke5 53. Kb3 Rd4 54. Rb6 Rd7 55. c6 bxc6 56. Rxc6 Rd6 57. Rc4 Kf4 58. Ka4 Ke3 59. Ka5 Kd3 60. Rc1 Kxe4 61. Rf1 f5 62. Re1+ Kf3 63. Rf1+ Kg4 64. Rg1+ Kh3 65. Rf1 Rf6 66. Rxf5 Rxf5+ 67. Kxa6 Rf6+ 68. Ka7 Rf7+ 69. Ka6 1/2-1/2

[Event "2026 European Womens Championship"]
[Site "Batumi, GE"]
[Date "2026.05.27"]
[Round "3"]
[White "Rakhmangulova, Anastasiya"]
[Black "Siekanska, Maria"]
[Result "1-0"]
[Board "29"]
[TimeControl "5400+30"]
[WhiteFideId "14117479"]
[BlackFideId "21852650"]
[WhiteElo "2328"]
[BlackElo "2203"]
[WhiteTitle "WGM"]
[BlackTitle "WIM"]
[WhiteClock "0:04:10"]
[BlackClock "0:01:16"]
[Variant "Standard"]

1. e4 c5 2. Nf3 d6 3. d4 cxd4 4. Nxd4 Nf6 5. Nc3 a6 6. Be2 e5 7. Nb3 Be7 8. O-O O-O 9. Be3 Be6 10. Bf3 b5 11. a4 b4 12. Nd5 Bxd5 13. exd5 Nbd7 14. a5 Qc7 15. Qd2 Qb7 16. Rfd1 h6 17. Ra4 Rab8 18. Nc1 Rfc8 19. Na2 b3 20. Rb4 bxc2 21. Rxb7 cxd1=Q+ 22. Bxd1 Rxb7 23. Nb4 Bd8 24. Nc6 Rb5 25. Ba4 Rxd5 26. Qc2 Kf8 27. b4 Nb8 28. h3 e4 29. Qc4 Rd3 30. Ba7 Nxc6 31. Bxc6 Rd1+ 32. Kh2 d5 33. Qxa6 Bc7+ 34. g3 Rd8 35. Bc5+ Kg8 36. Qb7 e3 37. Qxc7 e2 38. Qxd8+ Kh7 39. Qe7 Ne4 40. Bxd5 e1=Q 41. Bxe4+ g6 42. Qxf7+ Kh8 43. Qe8+ 1-0

[Event "2026 European Womens Championship"]
[Site "Batumi, GE"]
[Date "2026.05.27"]
[Round "3"]
[White "Osmak, Yuliia"]
[Black "Rodriguez Redondo, Adhara"]
[Result "1/2-1/2"]
[Board "30"]
[TimeControl "5400+30"]
[WhiteFideId "14101602"]
[BlackFideId "32065698"]
[WhiteElo "2451"]
[BlackElo "2200"]
[WhiteTitle "IM"]
[BlackTitle "WFM"]
[WhiteClock "0:29:32"]
[BlackClock "0:10:45"]
[Variant "Standard"]

1. c4 e6 2. Nc3 d5 3. d4 Bb4 4. e3 Nf6 5. a3 Bxc3+ 6. bxc3 c6 7. a4 O-O 8. Nf3 b6 9. Ba3 Re8 10. cxd5 cxd5 11. Ne5 Nbd7 12. Bb5 Qc7 13. Rc1 a6 14. Nxd7 Bxd7 15. Bd3 e5 16. O-O e4 17. Be2 Qc6 18. a5 b5 19. h3 Re6 20. Qb3 Rae8 21. Qb4 Qa8 22. Rc2 Qc8 23. Ra1 Rc6 24. Bf1 Rce6 25. Be2 Rc6 26. Bf1 h6 27. Qb3 Rce6 28. Bc5 Rc6 1/2-1/2

[Event "2026 European Womens Championship"]
[Site "Batumi, GE"]
[Date "2026.05.27"]
[Round "3"]
[White "Maltsevskaya, Aleksandra"]
[Black "Ivekovic, Tihana"]
[Result "1-0"]
[Board "31"]
[TimeControl "5400+30"]
[WhiteFideId "24174041"]
[BlackFideId "14517825"]
[WhiteElo "2390"]
[BlackElo "2119"]
[WhiteTitle "IM"]
[BlackTitle "WFM"]
[WhiteClock "0:38:54"]
[BlackClock "0:02:42"]
[Variant "Standard"]

1. e4 e5 2. Nf3 Nc6 3. d4 exd4 4. Bc4 Nf6 5. e5 d5 6. Bb5 Ne4 7. Nxd4 Bd7 8. Bxc6 bxc6 9. O-O Be7 10. f3 Nc5 11. f4 O-O 12. Be3 Na4 13. b3 Nb6 14. f5 Bg5 15. Qd2 Bxe3+ 16. Qxe3 Qh4 17. Nd2 Rfe8 18. Rae1 c5 19. N4f3 Qe7 20. f6 gxf6 21. Qh6 Qf8 22. Qh4 f5 23. Ng5 h6 24. Nh3 Be6 25. Re3 Nd7 26. Nf4 Kh7 27. Nh5 Qh8 28. Rh3 Qxe5 29. Nf3 Qe3+ 30. Kh1 Rg8 31. Nf4 1-0

[Event "2026 European Womens Championship"]
[Site "Batumi, GE"]
[Date "2026.05.27"]
[Round "3"]
[White "Efroimski, Marsel"]
[Black "Donghvani, Nia"]
[Result "1-0"]
[Board "32"]
[TimeControl "5400+30"]
[WhiteFideId "2810964"]
[BlackFideId "13614649"]
[WhiteElo "2386"]
[BlackElo "2117"]
[WhiteTitle "IM"]
[BlackTitle "WFM"]
[WhiteClock "0:09:00"]
[BlackClock "0:01:31"]
[Variant "Standard"]

1. e4 c5 2. Nf3 e6 3. d4 cxd4 4. Nxd4 Nf6 5. Nc3 Nc6 6. Nxc6 bxc6 7. e5 Nd5 8. Ne4 Qc7 9. f4 Qb6 10. a3 Ne3 11. Qd3 Nxf1 12. Rxf1 Ba6 13. c4 f5 14. Nd6+ Bxd6 15. exd6 c5 16. Rf3 Rc8 17. b3 Rc6 18. Bb2 Rxd6 19. Qe2 Rg8 20. Re3 g6 21. Be5 Rc6 22. O-O-O Qa5 23. Kb2 Kd8 24. Red3 d5 25. cxd5 c4 26. dxc6+ cxd3 27. Bf6+ Kc7 28. Qxe6 Qc5 29. Be5+ Kb6 30. Rc1 Qf2+ 31. Ka1 d2 32. c7+ Ka5 33. b4+ Ka4 34. Qxa6+ Kb3 35. Rc3# 1-0

[Event "2026 European Womens Championship"]
[Site "Batumi, GE"]
[Date "2026.05.27"]
[Round "3"]
[White "Berke, Ana"]
[Black "Kulon, Klaudia"]
[Result "0-1"]
[Board "33"]
[TimeControl "5400+30"]
[WhiteFideId "14510359"]
[BlackFideId "1131044"]
[WhiteElo "2164"]
[BlackElo "2377"]
[WhiteTitle "WIM"]
[BlackTitle "IM"]
[WhiteClock "0:02:49"]
[BlackClock "0:02:13"]
[Variant "Standard"]

1. e4 e6 2. d4 d5 3. Nd2 c5 4. Ngf3 cxd4 5. Nxd4 Nc6 6. Bb5 Bd7 7. Nxc6 bxc6 8. Bd3 Bd6 9. Qe2 e5 10. O-O Qe7 11. c4 d4 12. f4 Nf6 13. fxe5 Bxe5 14. Nf3 Bg4 15. Qf2 Bxf3 16. gxf3 Bc7 17. e5 Nd7 18. f4 Nc5 19. Bf5 g6 20. Bh3 O-O 21. Qf3 f6 22. b4 Na6 23. exf6 Rxf6 24. f5 gxf5 25. Bb2 Nxb4 26. Bxf5 Qd6 27. Rf2 Kh8 28. Kh1 Raf8 29. Qg4 c5 30. Rg2 Qe7 31. Rag1 Qf7 32. Bb1 Nc6 33. Qh3 Rf1 34. Be4 Ne5 35. Bd5 Rxg1+ 36. Rxg1 Qf6 37. Bc1 Ng6 38. Be4 Rg8 39. Bd5 Re8 40. Bg5 Qe5 41. Qg2 Rf8 42. Be4 Rf7 43. Bh6 Re7 44. Bd5 d3 45. Rf1 Re8 46. Bg5 Bd8 47. Bh6 Qe2 48. Bc1 Qxg2+ 49. Kxg2 h5 50. Bb2+ Kh7 51. Rf7+ Kh6 52. Bg7+ Kg5 53. Bf3 Nh4+ 54. Kf2 Kg6 55. Rd7 Ba5 56. Bd1 d2 57. Bc2+ Nf5 58. Rxa7 d1=Q 59. Bxd1 Be1+ 60. Kf3 Nxg7 61. Bc2+ Kf6 62. Be4 Ne6 63. Bd5 Ng5+ 64. Kf4 Bd2+ 65. Kg3 Kf5 66. a4 h4+ 67. Kf2 Nh3+ 68. Kf3 Re3+ 69. Kg2 Nf4+ 70. Kf2 Nd3+ 71. Kg2 h3+ 0-1

[Event "2026 European Womens Championship"]
[Site "Batumi, GE"]
[Date "2026.05.27"]
[Round "3"]
[White "Sivanandan, Bodhana"]
[Black "Huseynova, Lala"]
[Result "0-1"]
[Board "34"]
[TimeControl "5400+30"]
[WhiteFideId "497592"]
[BlackFideId "13431781"]
[WhiteElo "2374"]
[BlackElo "2149"]
[WhiteTitle "FM"]
[BlackTitle "WFM"]
[WhiteClock "0:08:24"]
[BlackClock "0:09:46"]
[Variant "Standard"]

1. e4 c5 2. Nf3 d6 3. Bb5+ Bd7 4. Bxd7+ Qxd7 5. c4 Nf6 6. Nc3 g6 7. d4 cxd4 8. Nxd4 Bg7 9. f3 Qc7 10. b3 Qa5 11. Bb2 Nc6 12. Nxc6 bxc6 13. Qd2 O-O 14. O-O Rfd8 15. Rfd1 Rac8 16. Na4 Qh5 17. Qf2 d5 18. cxd5 cxd5 19. e5 Nd7 20. f4 e6 21. Rac1 g5 22. f5 Nxe5 23. fxe6 fxe6 24. Qxa7 Rc2 25. Qe3 d4 26. Qg3 d3 27. Rf1 d2 28. Rxc2 d1=Q 29. Rc1 Qd6 30. Rc5 g4 31. Re1 Nf3+ 32. gxf3 Qxg3+ 33. hxg3 Qh3 34. Rc2 Qxg3+ 35. Kf1 Rf8 36. Re3 Rxf3+ 37. Rxf3 Qxf3+ 38. Rf2 Qh1+ 39. Ke2 g3 40. Rf3 Qg2+ 41. Ke3 Bh6+ 42. Ke4 Qe2+ 43. Kd4 Qxf3 44. Kc5 g2 45. Bd4 Be3 46. Bxe3 Qxe3+ 47. Kb5 g1=Q 48. Ka6 Qd3+ 49. Ka5 Qe1+ 50. b4 Qa3 51. Kb5 Qexb4+ 52. Ka6 Qaxa4# 0-1

[Event "2026 European Womens Championship"]
[Site "Batumi, GE"]
[Date "2026.05.27"]
[Round "3"]
[White "Mamedjarova, Zeinab"]
[Black "Atalik, Ekaterina"]
[Result "0-1"]
[Board "35"]
[TimeControl "5400+30"]
[WhiteFideId "13401521"]
[BlackFideId "4130189"]
[WhiteElo "2137"]
[BlackElo "2372"]
[WhiteTitle "WGM"]
[BlackTitle "IM"]
[WhiteClock "0:00:42"]
[BlackClock "0:04:35"]
[Variant "Standard"]

1. c4 e5 2. Nc3 Nf6 3. Nf3 Nc6 4. g3 d5 5. cxd5 Nxd5 6. Bg2 Nb6 7. O-O Be7 8. a3 O-O 9. b4 Be6 10. d3 f6 11. Qc2 Re8 12. Bb2 Qd7 13. Rfd1 a5 14. b5 Nd4 15. Nxd4 exd4 16. Ne4 Rad8 17. a4 Nd5 18. Rdc1 b6 19. Qc6 f5 20. Qxd7 Rxd7 21. Rc6 Kf7 22. Nd2 Bf6 23. Rac1 Ree7 24. Ba3 Nb4 25. Bxb4 axb4 26. Rb1 b3 27. f4 g5 28. Kf1 gxf4 29. gxf4 Bg7 30. Nxb3 Bxb3 31. Rxb3 Re6 32. Rxe6 Kxe6 33. Rb1 Bh6 34. Bc6 Rg7 35. Kf2 Bxf4 36. Rh1 h5 37. Bg2 Be3+ 38. Kf3 h4 39. Bh3 Ke5 40. Ra1 Bd2 41. Rd1 Bf4 42. Rh1 Rg8 43. Bg2 Ra8 44. Ra1 Bxh2 45. Rc1 Rg8 46. Rh1 Bg3 47. e3 Rd8 48. Ra1 dxe3 49. Kxe3 Bf4+ 50. Ke2 Kd4 51. Bc6 h3 52. a5 bxa5 53. Ra4+ Ke5 54. Rxa5 Kf6 55. Ra8 Rd6 56. Rf8+ Kg6 57. Rg8+ Kh7 58. Rg1 h2 59. Rb1 Kg6 60. Rf1 Kg5 61. Rb1 Kg4 62. Bh1 Re6+ 63. Kf2 Bg3+ 64. Kf1 f4 65. d4 f3 66. d5 Re8 67. Rb4+ Kg5 68. Rb1 f2 69. Kg2 Re1 70. Rc1 0-1

[Event "2026 European Womens Championship"]
[Site "Batumi, GE"]
[Date "2026.05.27"]
[Round "3"]
[White "Mgeladze, Kesaria"]
[Black "Bulmaga, Irina"]
[Result "0-1"]
[Board "36"]
[TimeControl "5400+30"]
[WhiteFideId "13621130"]
[BlackFideId "13903063"]
[WhiteElo "2147"]
[BlackElo "2361"]
[WhiteTitle "WIM"]
[BlackTitle "IM"]
[WhiteClock "0:27:26"]
[BlackClock "0:41:21"]
[Variant "Standard"]

1. e4 e5 2. Nf3 Nc6 3. Bb5 Nf6 4. d3 Bc5 5. Bxc6 dxc6 6. O-O Nd7 7. c3 h6 8. d4 Bd6 9. dxe5 Nxe5 10. Nxe5 Bxe5 11. Qxd8+ Kxd8 12. f4 Bd6 13. Be3 f6 14. Nd2 Re8 15. Rad1 Bg4 16. Rde1 Bd7 17. b4 a5 18. a3 axb4 19. axb4 b6 20. Nc4 Bf8 21. e5 c5 22. Rd1 Kc8 23. Ra1 Rxa1 24. Rxa1 Be6 25. Nd2 cxb4 26. cxb4 Bxb4 27. exf6 gxf6 28. Ne4 Kb7 29. Nxf6 Bc3 30. Nxe8 Bxa1 31. f5 Bd7 32. Nxc7 Kxc7 33. Bxh6 Bxf5 34. Bd2 Kc6 35. Kf2 Kc5 36. Kf3 b5 37. g4 Bd7 38. h4 b4 39. Kf4 b3 40. Bc1 b2 41. Bxb2 Bxb2 42. g5 Kd6 43. Ke4 Ke6 44. h5 Bc1 45. g6 Kf6 46. Kd4 0-1

[Event "2026 European Womens Championship"]
[Site "Batumi, GE"]
[Date "2026.05.27"]
[Round "3"]
[White "Brunello, Marina"]
[Black "Lomaia, Diana"]
[Result "1-0"]
[Board "37"]
[TimeControl "5400+30"]
[WhiteFideId "822590"]
[BlackFideId "13612476"]
[WhiteElo "2346"]
[BlackElo "2110"]
[WhiteTitle "IM"]
[BlackTitle "WFM"]
[WhiteClock "0:15:19"]
[BlackClock "0:01:52"]
[Variant "Standard"]

1. e4 e5 2. Nf3 Nc6 3. Bc4 Nf6 4. d3 Be7 5. O-O O-O 6. Re1 d6 7. a4 Bg4 8. h3 Bh5 9. c3 d5 10. exd5 Nxd5 11. a5 Qd6 12. Nbd2 Nf4 13. Ne4 Qg6 14. Ng3 Bd6 15. Bxf4 Bxf3 16. Qxf3 exf4 17. Nf1 Ne5 18. Qe4 c6 19. Nd2 Rae8 20. Qxg6 hxg6 21. d4 Nxc4 22. Nxc4 Bc7 23. Kf1 f6 24. b4 Kf7 25. a6 b6 26. b5 cxb5 27. Na3 b4 28. Nb5 Bb8 29. c4 Rxe1+ 30. Kxe1 Rc8 31. Rc1 b3 32. Na3 Bd6 33. Nb1 Bb4+ 34. Ke2 Ke6 35. Kd3 Kd6 36. Nc3 Bxc3 37. Rxc3 Re8 38. Rxb3 Kc6 39. Rb1 g5 40. Kd2 Re4 41. Kd3 Re8 42. Rc1 Re7 43. c5 b5 44. Rd1 Kd5 45. Rb1 Kc6 46. Kd2 Re4 47. Kd3 Re7 48. Rb2 Re1 49. Re2 Rd1+ 50. Kc3 Kd7 51. Re4 Ra1 52. d5 Rxa6 53. Kb2 Kd8 54. f3 Ra5 55. Kb3 a6 56. c6 Ra1 57. Kb4 Rc1 58. Ka5 f5 59. Rd4 Kc7 60. Kxa6 Rc4 61. Rd2 b4 62. Kb5 Rc1 63. d6+ Kd8 64. Ra2 Ke8 65. d7+ Ke7 66. Re2+ Kd8 67. Re8+ 1-0

[Event "2026 European Womens Championship"]
[Site "Batumi, GE"]
[Date "2026.05.27"]
[Round "3"]
[White "Khukhashvili, Sopiko"]
[Black "Mkrtchyan, Anahit H."]
[Result "1-0"]
[Board "38"]
[TimeControl "5400+30"]
[WhiteFideId "13602055"]
[BlackFideId "13314858"]
[WhiteElo "2329"]
[BlackElo "2107"]
[WhiteTitle "IM"]
[WhiteClock "1:04:16"]
[BlackClock "0:00:33"]
[Variant "Standard"]

1. e4 c5 2. Nf3 e6 3. d4 cxd4 4. Nxd4 Nf6 5. Nc3 Nc6 6. Ndb5 d6 7. Bf4 e5 8. Bg5 a6 9. Na3 b5 10. Nd5 Be6 11. Bxf6 gxf6 12. c3 h5 13. h4 Rc8 14. Nc2 f5 15. exf5 Bxf5 16. Nce3 Bg6 17. a4 Bh6 18. axb5 axb5 19. Bxb5 Kf8 20. Nc4 Be4 21. Ncb6 Bxg2 22. Rg1 Qxh4 23. Rxg2 Qh1+ 24. Bf1 h4 25. Qf3 Rd8 26. Rg8+ 1-0